 Dungeon Crawl Stone Soup version 0.24.0-123-gd5b16e6ec5 (webtiles) character file.

Game seed: 13568070604815458465, levelgen mode: deterministic

119 sankara the Grave Robber (level 4, -5/30 HPs)
             Began as a Mummy Necromancer on Jan 12, 2020.
             Slain by an ogre
             ... wielding a +0 giant club
              (21 damage)
             ... on level 4 of the Dungeon.
             The game lasted 00:09:53 (3263 turns).

sankara the Grave Robber (Mummy Necromancer)        Turns: 3263, Time: 00:09:54

Health: -5/30      AC:  2    Str: 11    XL:     4   Next: 73%
Magic:  1/10       EV: 12    Int: 15    God:
Gold:   87         SH:  0    Dex: 12    Spells: 2/11 levels left

rFire    x . .     SeeInvis .   a - +2 dagger (freeze)
rCold    + . .     Gourm    .   (no shield)
rNeg     + + +     Faith    .   l - +0 robe
rPois    ∞         Spirit   .   (no helmet)
rElec    .         Reflect  .   (no cloak)
rCorr    .         Harm     .   (no gloves)
MR       .....                  (no boots)
Stlth    ++........             (no amulet)
HPRegen  0.10/turn              (no ring)
MPRegen  0.12/turn              (no ring)

@: no status effects
A: no food or potions, fire vulnerability, cold resistance 1, negative energy
resistance 3, torment resistance, unbreathing
a: no special abilities


You were on level 4 of the Dungeon.
You were not hungry.

You visited 1 branch of the dungeon, and saw 4 of its levels.

You collected 87 gold pieces.

Inventory:

Hand Weapons
 a - a +2 dagger of freezing (weapon)
Missiles
 d - 110 stones (quivered)
 g - 13 poisoned darts
Armour
 l - a +0 robe (worn)
Jewellery
 h - an uncursed ring of protection from cold {unknown}
Scrolls
 b - a scroll of enchant armour {unknown}
 c - 4 scrolls of identify {unknown}
 e - 3 scrolls of remove curse {unknown}
 f - a scroll of magic mapping {unknown}
 i - a scroll of teleportation {unknown}
 j - 3 scrolls of amnesia {unknown}
 k - a scroll of immolation {unknown}


   Skills:
 + Level 0.6 Short Blades
 + Level 2.2 Dodging
 - Level 1.5 Stealth
 * Level 4.2 Spellcasting
 * Level 4.9 Necromancy


You had 2 spell levels left.
You knew the following spells:

 Your Spells              Type           Power        Failure   Level  Hunger
a - Pain                  Necr           ###.         2%          1    N/A
b - Animate Skeleton      Necr           N/A          2%          1    N/A
c - Vampiric Draining     Necr           ###.......   7%          3    N/A
d - Animate Dead          Necr           N/A          22%         4    N/A

Your spell library contained the following spells:

 Spells                   Type           Power        Failure   Level  Hunger
 Regeneration             Chrm/Necr      Unusable     N/A         3    N/A

Dungeon Overview and Level Annotations

Branches:
Dungeon (4/15)
 Temple: D:4-7

Altars:
Uskayaw
Wu Jian


Innate Abilities, Weirdness & Mutations

You do not eat or drink.
Your flesh is vulnerable to fire.
You are immune to poison.
Your flesh is cold resistant. (rC+)
You are immune to negative energy. (rN+++)
You are immune to unholy pain and torment.
You can survive without breathing.


Message History

Aim: an ogre, wielding a +0 giant club (lightly wounded)
The ogre is heavily wounded.
You feel life coursing into your body. The ogre closely misses you.
Casting: Vampiric Draining (safe; 7% risk of failure)
Confirm with . or Enter, or press ? or * to list all spells.
Aiming: Vampiric Draining (safe; 7% risk of failure)
Press: ? - help, Shift-Dir - straight line, f/p - ogre
Aim: an ogre, wielding a +0 giant club (heavily wounded)
The ogre is severely wounded.
You feel life coursing into your body. The ogre barely misses you.
The phantom blinks!
You closely miss the phantom.
The phantom is lightly damaged.
The phantom blinks!
The phantom blinks!
There is a stone staircase leading up here.
The ogre hits you with a +0 giant club!!
Ouch! That really hurt!
You die...

.....##.###Z###.###.......#
.... #.# #.# #.........#.#
#.. ..# #.# #.###.....#.##
## #### #.# #.####...#...##
#.###..........#..# #
#>..######...#<.^.# .#
###.# ##.###.#.# .#
########W#######.# #.#.# .#
#.........O@.....# #.#.# .#
###.######.######### #.#.#
.# #...# #># #.# .###.#.###
#.# ..# ..W......# #.# ###
.#######.####.## .#
#...Z...# .# #.#####.# .#
#.# #.#


You could see a phantom and an ogre.

Vanquished Creatures
  A scorpion (D:4)
  2 adders
  2 dart slugs (D:2)
  A leopard gecko (D:2)
  A giant cockroach (D:2)
  2 goblins
  7 hobgoblins
  12 jackals
  A bat (D:2)
  3 frilled lizards
  7 kobolds
  4 rats
43 creatures vanquished.

Notes
Turn   | Place    | Note
-------+----------+-------------------------------------------
     0 | D:1      | sankara the Mummy Necromancer began the quest for the Orb.
     0 | D:1      | Reached XP level 1. HP: 13/13 MP: 4/4
   111 | D:1      | Learned a level 1 spell: Animate Skeleton
   958 | D:1      | Reached XP level 2. HP: 19/19 MP: 3/6
  1559 | D:2      | Found an ornate altar of the Wu Jian Council.
  1572 | D:2      | Reached XP level 3. HP: 18/24 MP: 0/8
  2041 | D:2      | Learned a level 3 spell: Vampiric Draining
  2507 | D:3      | Found a hide-covered altar of Uskayaw.
  3092 | D:4      | Reached XP level 4. HP: 27/30 MP: 1/9
  3126 | D:4      | Learned a level 4 spell: Animate Dead
  3212 | D:4      | Noticed a phantom
  3225 | D:4      | Noticed an ogre
  3263 | D:4      | Slain by an ogre

Levels and vault maps discovered:
D:1:      dpeg_arrival_windows_large_door, layout_basic
D:2:      layout_loops_ring, nicolae_overflow_crystal_walls
D:3:      layout_basic, eat_drink_and_be_merry_uskayaw, first_ration
D:4:      layout_loops_ring, grunt_temple_overflow_order_and_chaos_2,
          chequers_jeans

Skill      XL: |  1  2  3  4 |
---------------+-------------+-----
Spellcasting   | 3 4 |  4.2
Dodging        | 2 |  2.2
Short Blades   | |  0.6
Stealth        | |  1.5
Necromancy     | |  4.9

Action                   |  1- 3 |  4- 6 || total
-------------------------+-------+-------++-------
Melee: Whip              |    22 |       ||    22
       Dagger            |     4 |     8 ||    12
 Cast: Pain              |    68 |     8 ||    76
       Animate Skeleton  |    14 |       ||    14
       Vampiric Draining |       |     2 ||     2
       Animate Dead      |       |     1 ||     1
 Stab: Sleeping          |     2 |       ||     2
Armor: Robe              |    10 |     1 ||    11
Dodge: Dodged            |    39 |    11 ||    50
